 Dungeon Crawl Stone Soup version 0.29.0-4-gdea44cf6ec (webtiles) character file.

Game seed: 1335051402060053883

4267 qw the Grappler (level 10, 0/92 HPs)
             Began as a Troll Cinder Acolyte on Aug 31, 2022.
             Was a Believer of Ignis.
             Slain by a jiangshi (11 damage)
             ... led by a vampire mage
             ... on level 1 of the Abyss.
             The game lasted 00:03:55 (6114 turns).

qw the Grappler (Troll Cinder Acolyte)              Turns: 6114, Time: 00:03:56

Health: 0/92       AC: 13    Str: 28    XL:     10   Next: 10%
Magic:  10/10      EV: 12    Int: 10    God:    Ignis [**....]
Gold:   427        SH: 14    Dex:  5    Spells: 11/11 levels left

rFire   + . .      SeeInvis .     - Unarmed
rCold   + . .      Faith    .   j - +6 kite shield of the Fletcher {rElec}
rNeg    . . .      Spirit   .   a - +0 robe
rPois   .          Reflect  .   b - +2 hat
rElec   +          Harm     .   (no cloak)
rCorr   .          Rampage  .   (gloves unavailable)
Will    .....                   (boots unavailable)
Stlth   +.........              (no amulet)
HPRegen 1.05/turn               n - +4 ring of evasion
MPRegen 0.12/turn               l - ring of protection from cold

@: about to teleport, fiery-armoured
A: large, unfitting armour, claws 3, regeneration 1, shaggy fur 1, tough skin 1
a: Renounce Religion, Fiery Armour, Foxfire Swarm, Rising Flame


You were on level 1 of the Abyss.
You worshipped Ignis.
Ignis was pleased with you.
You visited 1 branch of the dungeon, and saw 8 of its levels.
You visited the Abyss 1 time.

You collected 427 gold pieces.


Innate Abilities, Weirdness & Mutations

You are too large for most types of armour.
You have claws for hands.
Your natural rate of healing is unusually fast.
You are covered in fur. (AC +1)
You have tough skin. (AC +1)


   Skills:
 - Level 4.0 Fighting
 - Level 1.2 Throwing
 - Level 1.6 Dodging
 + Level 8.1 Shields
 - Level 11.0 Unarmed Combat
 - Level 1.0 Spellcasting
 - Level 2.1 Fire Magic


You had 11 spell levels left.
You didn't know any spells.
Your spell library contained the following spells:

 Spells                   Type           Power      Damage    Failure   Level
 Scorch                   Fire           8%         2d5       38%         2

Inventory:

Missiles
 m - 2 boomerangs (quivered)
Armour
 a - a +0 robe (worn)
 b - a +2 hat (worn)
 j - the +6 kite shield of the Fletcher (worn) {rElec}
   (You found it on level 3 of the Dungeon)

   rElec:     It insulates you from electricity.
Jewellery
 h - a ring of resist corrosion
 l - a ring of protection from cold (right claw)
 n - a +4 ring of evasion (left claw)
Scrolls
 e - a scroll of enchant armour
 f - 5 scrolls of identify
 k - 2 scrolls of teleportation
Potions
 c - a potion of heal wounds
 g - 3 potions of curing
 i - 4 potions of haste
 o - a potion of might

Dungeon Overview and Level Annotations

Branches:
Dungeon (8/15)             Temple (0/1) D:5
   Lair: D:8-11

Altars:
Cheibriados
Fedhas
Gozag
Sif Muna

Annotations:
D:5 3 runed translucent doors, qw's ghost, novice TeWr


Message History

The jiangshi claws you!!
The jiangshi draws strength from your injuries!
You block the jiangshi's attack.
You mangle the jiangshi!!
The jiangshi is severely damaged.
You block the jiangshi's attack. x3; The jiangshi claws you.
The jiangshi draws strength from your injuries!
The jiangshi is burned by your cloak of flames.
The jiangshi is lightly damaged.
The jiangshi claws you.
The jiangshi draws strength from your injuries!
The jiangshi is burned by your cloak of flames.
The jiangshi is severely damaged.
The jiangshi claws you!!
The jiangshi draws strength from your injuries!
6113 ||| READING 3 scrolls of teleportation.
As you read the scroll of teleportation, it crumbles to dust.
You feel strangely unstable.
You feel the power of the Abyss delaying your translocation!
You block the jiangshi's attack.
The jiangshi claws you but does no damage.
The jiangshi claws you!
The jiangshi draws strength from your injuries!
The jiangshi is burned by your cloak of flames.
The jiangshi is severely damaged.
The jiangshi claws you but does no damage.
The jiangshi is burned by your cloak of flames.
The jiangshi is severely damaged.
The jiangshi claws you.
The jiangshi draws strength from your injuries!
The jiangshi barely misses you.
6114 ||| DRINKING 2 potions of heal wounds.
You feel much better.
The jiangshi claws you but does no damage.
The jiangshi claws you!
The jiangshi draws strength from your injuries!
The jiangshi claws you.
The jiangshi draws strength from your injuries!
You block the jiangshi's attack. The jiangshi claws you!
You die...

.#...#.... .....
#..#.#.###..... ..
#
#...#..#...#.....
..
......#..........
#..##.#¤#.....#..#
.
..##..............
##.#.#......... #
#...V.###.... . #
¤#..V@.###.....#.
#.....VV..###u...#
.....#.#### ..
#..# .#.##....##
...# #. #.....# .
# . ##..#.. ...u
....... .....
#........ .u\.


You could see 3 jiangshi and a vampire mage.

Vanquished Creatures
  Prince Ribbit (D:7)
  Eustachio (D:6)
  6 yaks
  A steam dragon (D:7)
  2 black bears
  A sky beast (D:7)
  3 orc warriors
  An ice beast (D:6)
  An ogre (D:7)
  A centaur (D:7)
  3 kobold brigands
  A phantom (D:6)
  2 bullfrogs (D:6)
  3 gnoll sergeants
  4 scorpions
  A necrophage (D:5)
  3 wights (D:6)
  4 howler monkeys
  7 orc priests
  5 hounds
  A jelly (D:6)
  4 iguanas
  5 orc wizards
  13 gnolls
  5 adders
  A shadow imp (D:6)
  3 white imps
  An ufetubus (D:6)
  3 worms
  4 dart slugs
  17 orcs
  8 ball pythons
  4 endoplasms
  4 giant cockroaches
  9 goblins
  5 hobgoblins
  8 jackals
  A quokka (D:1)
  3 bats (D:3)
  4 frilled lizards
  18 kobolds
  2 rats
174 creatures vanquished.

Notes
Turn   | Place    | Note
-------+----------+-------------------------------------------
     0 | D:1      | qw the Troll Cinder Acolyte began the quest for the Orb.
     0 | D:1      | Reached XP level 1. HP: 22/22 MP: 1/1
     0 | D:1      | 0 ||| qw: Version: 0.1-a-97-g2dd2ca4
     0 | D:1      | 0 ||| qw: Game counter: 4643
     0 | D:1      | 0 ||| qw: Always use a shield: true
     0 | D:1      | 0 ||| qw: God list: Okawaru
     0 | D:1      | 0 ||| qw: Allow faded altars: false
     0 | D:1      | 0 ||| qw: Do Orc after D:15 true
     0 | D:1      | 0 ||| qw: Do second Lair branch before Depths: true
     0 | D:1      | 0 ||| qw: Lair rune preference: random
     0 | D:1      | 0 ||| qw: Plans: Normal
     0 | D:1      | 0 ||| PLANNING D:1-11
   308 | D:1      | Reached XP level 2. HP: 28/29 MP: 2/2
   627 | D:1      | Found a faded altar of an unknown god.
   769 | D:1      | 769 ||| UPGRADING to ring of protection from cold.
   770 | D:1      | 770 ||| READING scroll labelled NESIUS UFREASOA.
   771 | D:1      | 771 ||| READING 2 scrolls labelled OTHREQ WUNAIRY.
   772 | D:1      | 772 ||| READING scroll labelled EXIOWK XACO UCK.
   773 | D:1      | 773 ||| DRINKING 2 yellow potions.
   774 | D:1      | 774 ||| DROPPING potion of invisibility.
   775 | D:1      | 775 ||| Stepping randomly (stuck).
   776 | D:1      | 776 ||| Stepping ~*~*~tactically~*~*~ (cloud).
   915 | D:2      | Reached skill level 4 in Unarmed Combat
  1335 | D:2      | Reached XP level 3. HP: 36/36 MP: 3/3
  1614 | D:2      | 1614 ||| UPGRADING to +1 hat.
  1619 | D:2      | 1619 ||| DROPPING amulet of magic regeneration.
  1620 | D:2      | 1620 ||| READING scroll labelled RICWEA XAQUJO.
  1621 | D:2      | 1621 ||| READING scroll labelled TYKON OGURANO.
  1622 | D:2      | 1622 ||| DRINKING 2 blue potions.
  1623 | D:2      | 1623 ||| DRINKING 2 bubbling ruby potions.
  1624 | D:2      | 1624 ||| DROPPING potion of brilliance.
  1738 | D:3      | Identified the +2 leather armour of the Blessed Realm {rF++
                  | MP-9 SInv Stlth+}
  1767 | D:3      | 1767 ||| Stepping ~*~*~tactically~*~*~ (outnumbered).
  1768 | D:3      | 1768 ||| Stepping ~*~*~tactically~*~*~ (outnumbered).
  1918 | D:3      | 1918 ||| Stepping ~*~*~tactically~*~*~ (stealth).
  2090 | D:3      | Identified the +6 kite shield of the Fletcher {rElec}
  2336 | D:3      | 2336 ||| UPGRADING to +6 kite shield of the Fletcher
                  | {rElec}.
  2341 | D:3      | 2341 ||| READING 2 scrolls labelled ROHISE TANEIMO.
  2342 | D:3      | 2342 ||| READING scroll of enchant armour.
  2342 | D:3      | 2342 ||| ENCHANTING +1 hat.
  2343 | D:3      | 2343 ||| READING 5 scrolls of identify.
  2343 | D:3      | 2343 ||| IDENTIFYING lumpy purple potion
  2344 | D:3      | 2344 ||| READING 4 scrolls of identify.
  2344 | D:3      | 2344 ||| IDENTIFYING purple potion
  2345 | D:3      | 2345 ||| READING 3 scrolls of identify.
  2345 | D:3      | 2345 ||| IDENTIFYING inky potion
  2346 | D:3      | 2346 ||| READING 2 scrolls of identify.
  2346 | D:3      | 2346 ||| IDENTIFYING clear potion
  2347 | D:3      | 2347 ||| DROPPING potion of ambrosia.
  2348 | D:3      | 2348 ||| DROPPING potion of flight.
  2388 | D:4      | Reached skill level 1 in Shields
  2388 | D:4      | Reached XP level 4. HP: 44/44 MP: 4/4
  2405 | D:4      | 2405 ||| Stepping ~*~*~tactically~*~*~ (stealth).
  2423 | D:4      | 2423 ||| Stepping ~*~*~tactically~*~*~ (hiding).
  2545 | D:4      | Reached XP level 5. HP: 47/50 MP: 5/5
  2557 | D:4      | 2557 ||| Stepping ~*~*~tactically~*~*~ (hiding).
  2574 | D:4      | Noticed a yak
  2592 | D:4      | Killed a yak
  2593 | D:4      | Reached XP level 6. HP: 35/59 MP: 6/6
  2677 | D:4      | Noticed a yak
  2684 | D:4      | Noticed a yak
  2691 | D:4      | 2691 ||| Stepping ~*~*~tactically~*~*~ (outnumbered).
  2699 | D:4      | 2699 ||| INVOKING Fiery Armour.
  2704 | D:4      | Killed a yak
  2705 | D:4      | Reached skill level 5 in Unarmed Combat
  2705 | D:4      | Killed a yak
  2706 | D:4      | Reached skill level 6 in Unarmed Combat
  2706 | D:4      | Reached XP level 7. HP: 37/66 MP: 7/7
  2870 | D:4      | 2870 ||| Stepping ~*~*~tactically~*~*~ (stealth).
  2872 | D:4      | 2872 ||| Stepping ~*~*~tactically~*~*~ (stealth).
  3124 | D:4      | 3124 ||| UPGRADING to ring of resist corrosion.
  3125 | D:4      | 3125 ||| READING scroll labelled HOIPURRASA.
  3226 | D:4      | 3226 ||| READING 3 scrolls labelled XEPEEN RUOSTAKHU.
  3230 | D:4      | 3230 ||| READING scroll labelled SEROTWUESCH.
  3255 | D:5      | Entered Level 5 of the Dungeon
  3273 | D:5      | 3273 ||| INVOKING Fiery Armour.
  3277 | D:5      | 3277 ||| Stepping ~*~*~tactically~*~*~ (outnumbered).
  3281 | D:5      | 3281 ||| FLEEEEING.
  3282 | D:5      | 3282 ||| FLEEEEING.
  3283 | D:5      | 3283 ||| FLEEEEING.
  3284 | D:5      | 3284 ||| FLEEEEING.
  3285 | D:5      | 3285 ||| FLEEEEING.
  3286 | D:5      | 3286 ||| FLEEEEING.
  3315 | D:5      | 3315 ||| Stepping ~*~*~tactically~*~*~ (hiding).
  3326 | D:5      | 3326 ||| Stepping ~*~*~tactically~*~*~ (outnumbered).
  3335 | D:5      | 3335 ||| Stepping ~*~*~tactically~*~*~ (outnumbered).
  3348 | D:5      | Reached skill level 7 in Unarmed Combat
  3572 | D:5      | 3572 ||| Stepping ~*~*~tactically~*~*~ (hiding).
  3573 | D:5      | 3573 ||| Stepping ~*~*~tactically~*~*~ (hiding).
  3592 | D:5      | 3592 ||| Stepping ~*~*~tactically~*~*~ (stealth).
  3593 | D:5      | 3593 ||| Stepping ~*~*~tactically~*~*~ (stealth).
  3631 | D:5      | Found a staircase to the Ecumenical Temple.
  3640 | D:5      | Reached XP level 8. HP: 74/74 MP: 8/8
  3640 | D:5      | Found a runed translucent gate.
  3640 | D:5      | Found a runed translucent gate.
  3640 | D:5      | Found a runed translucent gate.
  3640 | D:5      | Noticed qw's ghost (novice TeWr)
  3676 | D:5      | Reached skill level 6 in Shields
  3717 | D:5      | 3717 ||| Stepping ~*~*~tactically~*~*~ (stealth).
  3736 | D:5      | 3736 ||| INVOKING Fiery Armour.
  3740 | D:5      | 3740 ||| Stepping ~*~*~tactically~*~*~ (outnumbered).
  3741 | D:5      | 3741 ||| Stepping ~*~*~tactically~*~*~ (outnumbered).
  3742 | D:5      | 3742 ||| Stepping ~*~*~tactically~*~*~ (outnumbered).
  3744 | D:5      | 3744 ||| Stepping ~*~*~tactically~*~*~ (outnumbered).
  3745 | D:5      | 3745 ||| Stepping ~*~*~tactically~*~*~ (outnumbered).
  3747 | D:5      | 3747 ||| Stepping ~*~*~tactically~*~*~ (outnumbered).
  3748 | D:5      | 3748 ||| Stepping ~*~*~tactically~*~*~ (outnumbered).
  3749 | D:5      | 3749 ||| Stepping ~*~*~tactically~*~*~ (outnumbered).
  3751 | D:5      | 3751 ||| Stepping ~*~*~tactically~*~*~ (outnumbered).
  3890 | D:5      | Reached skill level 8 in Unarmed Combat
  3942 | D:5      | Reached skill level 3 in Fighting
  3996 | D:5      | 3996 ||| UPGRADING to +4 ring of evasion.
  3998 | D:5      | 3998 ||| UPGRADING to ring of protection from cold.
  4000 | D:5      | 4000 ||| READING scroll labelled GECLAG QAESOT.
  4001 | D:5      | 4001 ||| READING 4 scrolls of identify.
  4001 | D:5      | 4001 ||| IDENTIFYING metallic cyan potion
  4053 | D:6      | 4053 ||| Stepping ~*~*~tactically~*~*~ (hiding).
  4072 | D:6      | 4072 ||| INVOKING Fiery Armour.
  4178 | D:6      | 4178 ||| Stepping ~*~*~tactically~*~*~ (hiding).
  4476 | D:6      | 4476 ||| Stepping ~*~*~tactically~*~*~ (hiding).
  4487 | D:6      | Reached skill level 9 in Unarmed Combat
  4496 | D:6      | Reached skill level 1 in Throwing
  4559 | D:6      | Noticed Eustachio
  4570 | D:6      | 4570 ||| INVOKING Fiery Armour.
  4571 | D:6      | Killed Eustachio
  4578 | D:6      | Reached XP level 9. HP: 81/81 MP: 9/9
  4587 | D:6      | Reached skill level 1 in Dodging
  4614 | D:6      | Found an opulent altar of Gozag.
  4617 | D:6      | Found a blossoming altar of Fedhas.
  4622 | D:6      | Found a snail-covered altar of Cheibriados.
  4883 | D:6      | 4883 ||| INVOKING Fiery Armour.
  4895 | D:6      | 4895 ||| FLEEEEING.
  5031 | D:6      | 5031 ||| Stepping ~*~*~tactically~*~*~ (stealth).
  5078 | D:6      | 5078 ||| Stepping ~*~*~tactically~*~*~ (stealth).
  5088 | D:6      | 5088 ||| Stepping ~*~*~tactically~*~*~ (hiding).
  5093 | D:6      | 5093 ||| INVOKING Fiery Armour.
  5243 | D:6      | 5243 ||| READING 5 scrolls of identify.
  5243 | D:6      | 5243 ||| IDENTIFYING golden potion
  5244 | D:6      | 5244 ||| DROPPING potion of attraction.
  5284 | D:7      | 5284 ||| STAIRDANCE
  5290 | D:7      | 5290 ||| STAIRDANCE
  5301 | D:6      | Reached skill level 10 in Unarmed Combat
  5303 | D:7      | 5303 ||| STAIRDANCE
  5340 | D:7      | 5340 ||| Stepping ~*~*~tactically~*~*~ (hiding).
  5360 | D:7      | 5360 ||| FLEEEEING.
  5400 | D:7      | 5400 ||| Stepping ~*~*~tactically~*~*~ (stealth).
  5512 | D:7      | 5512 ||| Stepping ~*~*~tactically~*~*~ (stealth).
  5514 | D:7      | 5514 ||| Stepping ~*~*~tactically~*~*~ (stealth).
  5604 | D:7      | 5604 ||| Stepping ~*~*~tactically~*~*~ (hiding).
  5638 | D:7      | 5638 ||| Stepping ~*~*~tactically~*~*~ (stealth).
  5649 | D:7      | 5649 ||| Stepping ~*~*~tactically~*~*~ (outnumbered).
  5649 | D:7      | Found a shimmering blue altar of Sif Muna.
  5742 | D:7      | 5742 ||| INVOKING Fiery Armour.
  5746 | D:7      | Reached XP level 10. HP: 69/92 MP: 10/10
  5746 | D:7      | 5746 ||| FLEEEEING.
  5747 | D:7      | 5747 ||| FLEEEEING.
  5749 | D:7      | 5749 ||| FLEEEEING.
  5751 | D:7      | 5751 ||| FLEEEEING.
  5752 | D:7      | 5752 ||| FLEEEEING.
  5753 | D:7      | 5753 ||| FLEEEEING.
  5754 | D:7      | 5754 ||| FLEEEEING.
  5758 | D:7      | 5758 ||| FLEEEEING.
  5762 | D:7      | 5762 ||| Stepping ~*~*~tactically~*~*~ (outnumbered).
  5763 | D:7      | 5763 ||| Stepping ~*~*~tactically~*~*~ (outnumbered).
  5772 | D:7      | Noticed Prince Ribbit
  5773 | D:7      | 5773 ||| Stepping ~*~*~tactically~*~*~ (stealth).
  5786 | D:7      | Killed Prince Ribbit
  5787 | D:7      | Reached skill level 11 in Unarmed Combat
  5886 | D:7      | 5886 ||| Stepping ~*~*~tactically~*~*~ (stealth).
  5892 | D:7      | 5892 ||| Stepping ~*~*~tactically~*~*~ (stealth).
  5894 | D:7      | 5894 ||| Stepping ~*~*~tactically~*~*~ (stealth).
  5896 | D:7      | 5896 ||| Stepping ~*~*~tactically~*~*~ (stealth).
  5899 | D:7      | 5899 ||| Stepping ~*~*~tactically~*~*~ (stealth).
  6010 | D:7      | 6010 ||| READING 3 scrolls labelled UHUTZO ROSE.
  6011 | D:7      | 6011 ||| DROPPING 2 scrolls of blinking.
  6029 | D:8      | 6029 ||| Stepping ~*~*~tactically~*~*~ (stealth).
  6038 | D:8      | 6038 ||| Stepping ~*~*~tactically~*~*~ (outnumbered).
  6039 | D:8      | 6039 ||| Stepping ~*~*~tactically~*~*~ (outnumbered).
  6041 | D:8      | 6041 ||| Stepping ~*~*~tactically~*~*~ (outnumbered).
  6042 | D:8      | 6042 ||| Stepping ~*~*~tactically~*~*~ (outnumbered).
  6043 | D:8      | 6043 ||| Stepping ~*~*~tactically~*~*~ (outnumbered).
  6044 | D:8      | 6044 ||| Stepping ~*~*~tactically~*~*~ (outnumbered).
  6045 | D:8      | 6045 ||| Stepping ~*~*~tactically~*~*~ (outnumbered).
  6046 | D:8      | 6046 ||| Stepping ~*~*~tactically~*~*~ (outnumbered).
  6047 | D:8      | 6047 ||| Stepping ~*~*~tactically~*~*~ (outnumbered).
  6048 | D:8      | 6048 ||| Stepping ~*~*~tactically~*~*~ (outnumbered).
  6049 | D:8      | 6049 ||| Stepping ~*~*~tactically~*~*~ (outnumbered).
  6050 | D:8      | 6050 ||| Stepping ~*~*~tactically~*~*~ (outnumbered).
  6052 | D:8      | 6052 ||| Stepping ~*~*~tactically~*~*~ (outnumbered).
  6053 | D:8      | 6053 ||| Stepping ~*~*~tactically~*~*~ (outnumbered).
  6054 | D:8      | 6054 ||| INVOKING Fiery Armour.
  6056 | Abyss:1  | Cast into level 1 of the Abyss (orc)
  6092 | Abyss:1  | Noticed a cyan very ugly thing
  6093 | Abyss:1  | 6093 ||| Stepping ~*~*~tactically~*~*~ (stealth).
  6098 | Abyss:1  | Noticed a cyan ugly thing
  6099 | Abyss:1  | 6099 ||| Stepping ~*~*~tactically~*~*~ (stealth).
  6106 | Abyss:1  | 6106 ||| Stepping ~*~*~tactically~*~*~ (stealth).
  6109 | Abyss:1  | Noticed a vampire mage
  6109 | Abyss:1  | Noticed a jiangshi
  6109 | Abyss:1  | Noticed a jiangshi
  6109 | Abyss:1  | Noticed a jiangshi
  6112 | Abyss:1  | HP: 17/92 [jiangshi[a vampire mage] (19)]
  6113 | Abyss:1  | 6113 ||| READING 3 scrolls of teleportation.
  6113 | Abyss:1  | HP: 5/92 [jiangshi[a vampire mage] (6)]
  6114 | Abyss:1  | 6114 ||| DRINKING 2 potions of heal wounds.
  6114 | Abyss:1  | Slain by a jiangshi

Levels and vault maps discovered:
D:1:      onia_arrival_pyramid, layout_basic, chequers_ecumenical_altar_simple
D:2:      layout_basic
D:3:      layout_basic
D:4:      corexii_shack_village, layout_gridville, minmay_unequal
D:5:      layout_basic, minmay_temple_entry_drinking_statues,
          ebering_ghost_rock_garden, minmay_misc_feat_roman
D:6:      layout_loops_corners, grunt_temple_overflow_diamond,
          roderic_malta_cross, uniq_eustachio
D:7:      layout_rooms, mainiacjoe_overflow_24_doors,
          chequers_serial_rivers_micro_a, uniq_prince_ribbit1
D:8:      layout_layer_cave, grunt_temple_overflow_open, lemuel_tele_altar
Abyss:1:  base:
D:4

Skill      XL: |  1  2  3  4  5  6  7  8  9 10 |
---------------+-------------------------------+-----
Unarmed Combat | 4 6 7 9 10 11 | 11.0
Shields        | 1 2 4 5 6 8 |  8.1
Fighting       | 3 4 |  4.0
Throwing       | 1 |  1.2
Dodging        | 1 |  1.6
Spellcasting   | |  1.0
Fire Magic     | |  2.1

Action                   |  1- 3 |  4- 6 |  7- 9 | 10-12 || total
-------------------------+-------+-------+-------+-------++-------
Melee: Unarmed           |   109 |    58 |   338 |    44 ||   549
       Punch             |     2 |       |       |       ||     2
Throw: Boomerang         |       |       |    67 |     9 ||    76
Invok: Fiery Armour      |       |     1 |     7 |     1 ||     9
  Use: Scroll            |    11 |       |     6 |     2 ||    19
       Potion            |     3 |       |       |     1 ||     4
Armor: Robe              |    29 |    14 |    54 |    13 ||   110
Dodge: Dodged            |    40 |     7 |    74 |    15 ||   136
Block: Kite shield       |     1 |    28 |   183 |    46 ||   258

Table legend:
 A = Non-vault XP
 B = Vault XP
 C = Vault XP percentage of total XP
 D = Non-vault monster count
 E = Vault monster count
 F = Vault count percentage of total count
                 A         B        C        D         E       F
            +---------+---------+-------+---------+---------+-------
      Total |    5555 |     541 |   8.9 |     158 |      16 |   9.2
            +---------+---------+-------+---------+---------+-------
        D:1 |      25 |       0 |   0.0 |      12 |       0 |   0.0
        D:2 |      35 |       0 |   0.0 |      13 |       0 |   0.0
        D:3 |      28 |       0 |   0.0 |      14 |       0 |   0.0
        D:4 |     805 |      62 |   7.2 |      17 |      14 |  45.2
        D:5 |     966 |       0 |   0.0 |      30 |       0 |   0.0
        D:6 |    1936 |     202 |   9.4 |      32 |       1 |   3.0
        D:7 |    1722 |     277 |  13.9 |      38 |       1 |   2.6
        D:8 |      38 |       0 |   0.0 |       2 |       0 |   0.0
            +---------+---------+-------+---------+---------+-------
